 Dungeon Crawl Stone Soup version 0.27-a0-334-g52645efa06 (webtiles) character file.

Game seed: 6415297859714799578

1029 Chiseanne the Covert (level 8, 39/39 HPs)
             Began as a Spriggan Delver on Feb 13, 2021.
             Quit the game on level 2 of the Dungeon.
             The game lasted 00:15:53 (3989 turns).

Chiseanne the Covert (Spriggan Delver)              Turns: 3989, Time: 00:15:53

Health: 39/39      AC:  4    Str:  8    XL:     8   Next: 3%
Magic:  9/9        EV: 22    Int: 12    God:
Gold:   235        SH:  0    Dex: 18    Spells: 7/7 levels left

rFire    . . .     SeeInvis +   a - +1 short sword
rCold    . . .     Faith    .   (shield restricted)
rNeg     + . .     Spirit   .   b - +2 robe
rPois    .         Reflect  .   (helmet restricted)
rElec    .         Harm     +   i - scarf {harm}
rCorr    .         Rampage  .   (gloves unavailable)
Will     +....                  (boots unavailable)
Stlth    +++++.....             (no amulet)
HPRegen  0.13/turn              o - ring of positive energy
MPRegen  0.11/turn              (no ring)

@: very quick
A: very small, unfitting armour, see invisible, speed 3
a: no special abilities


You were on level 2 of the Dungeon.
You visited 1 branch of the dungeon, and saw 12 of its levels.
You also visited: Bailey.

You collected 235 gold pieces.

Inventory:

Hand Weapons
 a - a +1 short sword (weapon)
Missiles
 j - 69 arrows
 k - 10 boomerangs (quivered)
 q - 10 bolts
 u - 11 poisoned darts
 w - 32 sling bullets
Armour
 b - a +2 robe (worn)
 i - a scarf of harm (worn)
Magical Staves
 t - a staff of conjuration {unknown}
Jewellery
 o - a ring of positive energy (left hand)
 v - an amulet of the acrobat {unknown}
 A - an amulet of magic regeneration {unknown}
Wands
 g - a wand of digging (9)
 l - a wand of acid (8)
Scrolls
 c - a scroll of fog
 e - 3 scrolls of fear
 r - a scroll of teleportation
 x - a scroll of enchant armour
Potions
 d - a potion of mutation
 f - a potion of haste
 m - 2 potions of berserk rage {unknown}
 n - a potion of brilliance {unknown}
 p - a potion of heal wounds
 s - 2 potions of curing
 z - a potion of resistance {unknown}


   Skills:
 - Level 2.4 Fighting
 + Level 5.5 Short Blades
 + Level 6.6 Dodging
 * Level 12.2 Stealth


You had 7 spell levels left.
You didn't know any spells.
Your spell library was empty.

Dungeon Overview and Level Annotations

Branches:
Dungeon (12/15)               Orc (0/2) D:9          Bailey (visited)
 Temple: D:4-7         Lair: D:8-11

Altars:
Cheibriados
Elyvilon
Gozag
Sif Muna
Xom
Zin
The Shining One

Shops:
D:7 *

Annotations:
D:4 Eustachio, Robin


Innate Abilities, Weirdness & Mutations

You are very small and have problems with some larger weapons.
You are too small for most types of armour.
You have supernaturally acute eyesight. (SInv)
You cover ground extremely quickly.


Message History

Found a scroll of identify.
You see here a gold piece.
The helpless quokka fails to defend itself.
You perforate the quokka like a sieve!!!
You kill the quokka!
You see here a quokka corpse.
You now have 235 gold pieces (gained 1).
You see here a quokka corpse.
A giant cockroach comes into view.
You see here a scroll of identify.
B - 2 scrolls of identify (gained 1)
The helpless giant cockroach fails to defend itself.
You stick the giant cockroach like a pincushion!!!
You kill the giant cockroach!
You see here a giant cockroach corpse.
As you read the scroll of identify, it crumbles to dust.
y - a ring of see invisible Drop what? 28/52 slots (_ for help) (? for menu, Esc to quit)
You drop a ring of see invisible.
As you read the scroll of identify, it crumbles to dust.
h - a potion of attraction Drop what? 26/52 slots (_ for help) (? for menu, Esc to quit)
You drop a potion of attraction.
There is a stone staircase leading up here.
You climb upwards.
Found a potion of curing.
There is a stone staircase leading down here.
s - 2 potions of curing (gained 1)
An ooze comes into view.
The helpless ooze fails to defend itself.
You spit the ooze like a pig!!!
You kill the ooze!
There is a stone staircase leading down here.
There is a stone staircase leading down here.
You climb downwards.
There is a stone staircase leading up here.
The helpless rat fails to defend itself.
You stick the rat like a pincushion!!!
You kill the rat!
Are you sure you want to abandon this character and quit the game? (Confirm with "yes".)

###..##...##.. ###
##.........# ..#
#####...#### #.# #.#
##_## #.# #.# #### #.#
#.# #.# ###### #.# #.#
#.# .....# #.# #.# #.#
####.# #@# #.# #.# #.#
#####.### #.###.######
#.#
#.......###...........
#.#
#.###...........####.#
#.# #.# ###.#########
#†# #.# #.# #<# #.#
#.#######.# #.# #.#
#.........#
#.############.#
###########
#.........!=...#


There were no monsters in sight!

Vanquished Creatures
  An orc warrior (Bailey)
  2 ice beasts
  2 eyes of draining (D:9)
  A centaur (D:6)
  2 scorpions
  A water moccasin skeleton (D:7)
  A wight (D:8)
  2 hounds
  2 jellies
  2 orc wizards
  2 adders
  4 gnolls
  A shadow imp (D:6)
  A white imp (D:9)
  An ooze (D:1)
  2 adder skeletons
  2 worms
  A leopard gecko (D:6)
  9 orcs
  A bat (D:2)
  2 giant cockroaches (D:2)
  8 goblins
  6 hobgoblins
  4 jackals (D:7)
  4 quokkas
  A ball python (D:2)
  A frilled lizard (D:2)
  A giant cockroach zombie (D:6)
  A kobold (D:2)
  A quokka zombie (D:5)
  A rat (D:2)
70 creatures vanquished.

Notes
Turn   | Place    | Note
-------+----------+-------------------------------------------
     0 | D:5      | Chiseanne the Spriggan Delver began the quest for the Orb.
     0 | D:5      | Reached XP level 1. HP: 11/11 MP: 2/2
    57 | D:5      | Noticed a jelly
    61 | D:5      | Killed a jelly
    62 | D:5      | Reached skill level 8 in Stealth
    62 | D:5      | Reached XP level 2. HP: 16/16 MP: 3/3
    62 | D:5      | Reached XP level 3. HP: 19/19 MP: 4/4
    68 | D:5      | Noticed an ice beast
   540 | D:6      | Found a glowing golden altar of the Shining One.
   540 | D:6      | Found a glowing silver altar of Zin.
   540 | D:6      | Found a white marble altar of Elyvilon.
   773 | D:5      | Noticed a scorpion
   773 | D:5      | Noticed an ogre
   774 | D:5      | Killed a scorpion
   775 | D:5      | Reached XP level 4. HP: 23/23 MP: 5/5
  1006 | D:7      | Found Guepal's Mayhem Merchandise.
  1052 | D:6      | Noticed an ice beast
  1058 | D:6      | Killed an ice beast
  1059 | D:6      | Reached skill level 9 in Stealth
  1059 | D:6      | Reached XP level 5. HP: 27/27 MP: 6/6
  1068 | D:6      | Noticed a centaur
  1075 | D:6      | Killed a centaur
  1076 | D:6      | Reached XP level 6. HP: 32/32 MP: 7/7
  1142 | D:7      | Found a flagged portal.
  1224 | Bailey   | Entered a bailey
  1238 | Bailey   | Noticed an orc warrior
  1241 | Bailey   | Killed an orc warrior
  1242 | Bailey   | Reached skill level 5 in Dodging
  1242 | Bailey   | Reached skill level 10 in Stealth
  1263 | Bailey   | Found an iron altar of Okawaru.
  1263 | Bailey   | Noticed a kobold demonologist
  1263 | Bailey   | Noticed a kobold demonologist
  1288 | Bailey   | Noticed a red devil
  1410 | D:7      | Found a shimmering altar of Xom.
  1929 | D:8      | Noticed an ice beast
  1937 | D:8      | Killed an ice beast
  1938 | D:8      | Reached skill level 11 in Stealth
  1938 | D:8      | Reached XP level 7. HP: 27/35 MP: 8/8
  2145 | D:9      | You fall into a shaft and drop 3 floors!
  2205 | D:12     | Noticed a two-headed ogre
  2276 | D:10     | Entered Level 10 of the Dungeon
  2321 | D:9      | Reached skill level 5 in Short Blades
  2492 | D:9      | Found a staircase to the Orcish Mines.
  2589 | D:8      | Noticed a yak
  2590 | D:8      | Noticed a yak
  2590 | D:8      | Noticed a yak
  3141 | D:4      | Noticed Eustachio
  3151 | D:4      | Noticed Robin
  3194 | D:4      | Reached skill level 12 in Stealth
  3310 | D:2      | Found an opulent altar of Gozag.
  3310 | D:2      | Found a shimmering blue altar of Sif Muna.
  3325 | D:2      | Found a faded altar of an unknown god.
  3330 | D:2      | Found a faded altar of an unknown god.
  3331 | D:2      | Found a snail-covered altar of Cheibriados.
  3826 | D:2      | Reached XP level 8. HP: 39/39 MP: 9/9
  3989 | D:2      | Quit the game

Illustrated notes

Levels and vault maps discovered:
D:1:      dpeg_arrival_subterranean_lakeside_camping, layout_loops_ring
D:2:      layout_loops_ring, chequers_temple_overflow_minitemple
D:3:      layout_basic, minmay_overflow_temple_hex, kennysheep_another_room,
          uniq_jessica
D:4:      layout_basic, uniq_eustachio, uniq_robin
D:5:      layout_loops_ring, temple_pool_b, kennysheep_generic_room_5
D:6:      layout_cave_pods, good_gods_mini_temple
D:7:      layout_loops_cross, xom_shifter_show, enter_bailey_4,
          minmay_shop_mayhem
D:8:      layout_basic, hangedman_abyss_or_decor_jellyfish_corner
D:9:      minmay_general_purpose_star, layout_small_grid, orc_0_dummy,
          uniq_harold
D:10:     layout_cave_pools, guppyfry_shop_venom
D:11:     layout_basic, erik_lair_orcish_takeover
D:12:     layout_small_grid, yredelemnul_altar_generic

Skill      XL: |  1  2  3  4  5  6  7 |
---------------+----------------------+-----
Dodging        | 3 4 5 6 |  6.6
Stealth        | 8 9 11 12 | 12.2
Short Blades   | 3 4 5 |  5.5
Fighting       | |  2.4

Action                   |  1- 3 |  4- 6 |  7- 9 || total
-------------------------+-------+-------+-------++-------
Melee: Short sword       |    37 |    73 |   124 ||   234
Throw: Boomerang         |       |     5 |     4 ||     9
Evoke: Wand              |       |       |     2 ||     2
  Use: Scroll            |     1 |     3 |    10 ||    14
       Potion            |       |     1 |       ||     1
 Stab: Sleeping          |     3 |    14 |    18 ||    35
       Distracted        |     1 |       |       ||     1
Armor: Robe              |     1 |     2 |    10 ||    13
Dodge: Dodged            |    26 |    45 |    76 ||   147

Table legend: (Time is in decaauts)
 A = Elapsed time spent in this place.
 B = Non-inter-level travel time spent in this place.
 C = Inter-level travel time spent in this place.
 D = Time resting spent in this place.
 E = Time spent auto-exploring this place.
 F = Levels seen in this place.
 G = Mean time per level.
                   A        B        C        D        E       F      G
               +--------+--------+--------+--------+--------+-----+--------+
         Total |   3128 |   3091 |     37 |   1499 |     55 |  13 |  240.6 |
       Dungeon |   3077 |   3040 |     37 |   1499 |     55 |  12 |  256.4 |
        Bailey |     50 |     50 |      0 |      0 |      0 |   1 |   50.0 |
               +--------+--------+--------+--------+--------+-----+--------+

Top non-repeatable levels by time:
     D:6: 893 daAuts
     D:2: 475 daAuts
     D:4: 470 daAuts
     D:8: 367 daAuts
     D:7: 365 daAuts
     D:9: 265 daAuts
     D:5: 112 daAuts
    D:12: 52 daAuts
  Bailey: 50 daAuts
    D:11: 30 daAuts
     D:1: 30 daAuts
     D:3: 11 daAuts
    D:10: 2 daAuts
